 Dungeon Sprint DCSS version 0.30.0-30-g96aa6591b8 (webtiles) character file.

Game seed: 6100634009034398002

2933 ChadusMaximus the Cleaver (level 9, -2/93 HPs)
             Began as a Minotaur Fighter on June 26, 2023.
             Was a Priest of Okawaru.
             Slain by a demonic crawler (13 damage)
             ... in the Dungeon (Sprint I: "Red Sonja").
             The game lasted 00:01:27 (1065 turns).

ChadusMaximus the Cleaver (Minotaur Fighter)        Turns: 1065, Time: 00:01:28

Health: -2/93      AC: 10    Str: 25    XL:     9   Next: 50%
Magic:  7/9        EV: 13    Int:  5    God:    Okawaru [***...]
Gold:   216        SH:  8    Dex: 10    Spells: 8/8 levels left

rFire   . . .        a - +0 war axe
rCold   . . .        c - +0 buckler
rNeg    . . .        b - +0 scale mail
rPois   .            (helmet restricted)
rElec   .            (no cloak)
rCorr   .            (no gloves)
SInv    .            (no boots)
Will    .....        (no amulet)
Stlth   ++           (no ring)
HPRegen 0.35/turn    (no ring)
MPRegen 0.11/turn

%: no teleportation
@: heroic
A: horns 2, retaliatory headbutt
a: Renounce Religion, Heroism


You were in the Dungeon.
You worshipped Okawaru.
Okawaru was most pleased with you.
You visited 1 branch You collected 216 gold pieces.

Inventory:

Hand Weapons
 a - a +0 war axe (weapon)
Armour
 b - a +0 scale mail (worn)
 c - a +0 buckler (worn)
Jewellery
 m - a +6 ring of dexterity
Wands
 d - a wand of charming (11)
 k - a wand of flame (22)
Scrolls
 j - a scroll of blinking
 l - a scroll of fear {unknown}
Potions
 e - a potion of curing
 f - a potion of heal wounds
 g - a potion of haste
 h - 2 potions of magic
 i - a potion of berserk rage


   Skills:
 + Level 13.6(18.6) Fighting
 + Level 14.5(19.5) Axes
 + Level 12.5(17.5) Armour
 + Level 4.4(9.4) Dodging
 + Level 1.0(6.0) Stealth
 + Level 12.5(17.5) Shields
 + Level 1.5 Invocations


You had 8 spell levels left.
You didn't know any spells.
Your spell library was empty.

Dungeon Overview and Level Annotations

Branches:
Dungeon (1/1)

Altars:
Cheibriados
Dithmenos
Elyvilon
Fedhas
Gozag
Hepliaklqana
Kikubaaqudgha
Makhleb
Nemelex Xobeh
Okawaru
Qazlal
Ru
Sif Muna
Trog
Uskayaw
Vehumet
Wu Jian
Xom
Yredelemnul
Zin
The Shining One
Jiyva
Lugonu

Shops:
D [


Innate Abilities, Weirdness & Mutations

You have a pair of horns on your head.
You reflexively headbutt those who attack you in melee.


Message History

The demonic crawler gives a hideous shriek! x2
The demonic crawler closely misses you. You furiously retaliate!
You headbutt the demonic crawler! You block the demonic crawler's attack.
The demonic crawler hits you!
You slash the demonic crawler!
You headbutt the demonic crawler, but do no damage.
The demonic crawler is heavily wounded.
The demonic crawler barely misses you. You block the demonic crawler's attack.
The demonic crawler barely misses you.
You hit the demonic crawler.
The demonic crawler is heavily wounded.
You block the demonic crawler's attack. The demonic crawler barely misses you.
You block the demonic crawler's attack.
You slash the demonic crawler!
You headbutt the demonic crawler, but do no damage.
The demonic crawler is heavily wounded.
The demonic crawler hits you. The demonic crawler misses you.
The demonic crawler hits you but does no damage.
You block the demonic crawler's attack. x2; The demonic crawler hits you. x2
The demonic crawler hits you! x2
The demonic crawler hits you but does no damage.
The demonic crawler barely misses you. The demonic crawler hits you.
There is an open door, spattered with blood here.
The demonic crawler attacks as you move away!
You block the demonic crawler's attack. The demonic crawler hits you! x2
You block the demonic crawler's attack. The demonic crawler hits you.
The demonic crawler hits you! x2
* * * LOW HITPOINT WARNING * * *
The demonic crawler misses you. The demonic crawler closely misses you.
Okay, then.
You slash the demonic crawler! You headbutt the demonic crawler.
The demonic crawler is severely wounded.
You completely miss the demonic crawler.
The demonic crawler hits you!
* * * LOW HITPOINT WARNING * * *
The demonic crawler hits you but does no damage.
The demonic crawler barely misses you. x2; You furiously retaliate!
You headbutt the demonic crawler, but do no damage.
The demonic crawler hits you!
You die...

##################
.#..'.$#__#..')..#
.').#$.'..'$$#).@##+#
+#####'#__####..sss.#
#$$$#.####§.#####s.+
##$$##.#§~§§§#..# +##
_##'#§§§)§§..§§§#
..'..._#§§§§.#..#
_##_.#+##+#####'#
_###+# #.+ ## ###


You could see 4 demonic crawlers.

Vanquished Creatures
  2 centaur warriors (D)
  An oklob plant (D)
  2 kobold demonologists (D)
  A hornet (D)
  A slime creature (D)
  Sigmund (D)
  A yak (D)
  A floating eye (D)
  An ogre (D)
  A jelly (D)
  Ijyb (D)
13 creatures vanquished.

Vanquished Creatures (others)
  A gargoyle (D)
1 creature vanquished.

Grand Total: 14 creatures vanquished

Notes
Turn   | Place    | Note
-------+----------+-------------------------------------------
     0 | D        | ChadusMaximus the Minotaur Fighter began the quest for the
                  | Orb.
     0 | D        | Reached XP level 1. HP: 19/19 MP: 0/0
     2 | D        | Noticed Ijyb
     4 | D        | Killed Ijyb
     5 | D        | Reached skill level 5 in Fighting
     5 | D        | Reached skill level 3 in Axes
     5 | D        | Reached skill level 5 in Armour
     5 | D        | Reached skill level 5 in Shields
     5 | D        | Reached XP level 2. HP: 29/29 MP: 1/1
     9 | D        | Noticed an ogre
    12 | D        | Killed an ogre
    13 | D        | Reached skill level 4 in Axes
    13 | D        | Reached XP level 3. HP: 39/39 MP: 2/2
    13 | D        | Reached XP level 4. HP: 47/47 MP: 3/3
    15 | D        | Noticed Sigmund
    18 | D        | Killed Sigmund
    19 | D        | Reached skill level 5 in Axes
    19 | D        | Reached XP level 5. HP: 57/57 MP: 4/4
    19 | D        | Reached XP level 6. HP: 63/63 MP: 5/5
    27 | D        | Found a burning altar of Makhleb.
    27 | D        | Found a viscous altar of Jiyva.
    27 | D        | Found a shimmering altar of Xom.
    27 | D        | Found a corrupted altar of Lugonu.
    27 | D        | Noticed a slime creature
    33 | D        | Killed a slime creature
    34 | D        | Reached skill level 10 in Fighting
    34 | D        | Reached skill level 6 in Axes
    34 | D        | Reached skill level 10 in Shields
   214 | D        | Found an ornate altar of the Wu Jian Council.
   214 | D        | Found a shimmering blue altar of Sif Muna.
   216 | D        | Found a radiant altar of Vehumet.
   219 | D        | Reached skill level 10 in Armour
   224 | D        | Killed a gargoyle
   234 | D        | Found Paomykic's Armour Emporium.
   234 | D        | Found an ancient bone altar of Kikubaaqudgha.
   234 | D        | Found a hazy altar of Hepliaklqana.
   234 | D        | Found a hide-covered altar of Uskayaw.
   234 | D        | Found a basalt altar of Yredelemnul.
   234 | D        | Found an opulent altar of Gozag.
   234 | D        | Found a snail-covered altar of Cheibriados.
   234 | D        | Found a sacrificial altar of Ru.
   234 | D        | Found a shadowy altar of Dithmenos.
   234 | D        | Noticed a yak
   242 | D        | Killed a yak
   243 | D        | Reached skill level 7 in Axes
   243 | D        | Reached XP level 7. HP: 59/73 MP: 6/6
   243 | D        | Found a stormy altar of Qazlal.
   243 | D        | Found a blossoming altar of Fedhas.
   243 | D        | Found a bloodstained altar of Trog.
   243 | D        | Found an iron altar of Okawaru.
   243 | D        | Found a glowing golden altar of the Shining One.
   243 | D        | Found a glowing silver altar of Zin.
   243 | D        | Found a white marble altar of Elyvilon.
   245 | D        | Found a sparkling altar of Nemelex Xobeh.
   253 | D        | Became a worshipper of Warmaster Okawaru
   274 | D        | Noticed a kobold demonologist
   274 | D        | Noticed a kobold demonologist
   275 | D        | Paralysed by a floating eye for 3 turns
   276 | D        | Noticed a sixfirhy
   281 | D        | Reached skill level 8 in Axes
   282 | D        | Noticed a red devil
   286 | D        | Noticed an orange demon
   287 | D        | Killed a kobold demonologist
   287 | D        | Reached * piety under Okawaru
   288 | D        | Reached skill level 9 in Axes
   291 | D        | Noticed an orange demon
   295 | D        | Killed a kobold demonologist
   296 | D        | Reached skill level 10 in Axes
   296 | D        | Reached skill level 1 in Dodging
   296 | D        | Reached XP level 8. HP: 8/83 MP: 4/7
   514 | D        | Noticed a centaur warrior
   517 | D        | Noticed a centaur warrior
   532 | D        | Killed a centaur warrior
   532 | D        | Reached ** piety under Okawaru
   533 | D        | Reached skill level 12 in Axes
   536 | D        | Killed a centaur warrior
   536 | D        | Reached *** piety under Okawaru
   537 | D        | Reached skill level 13 in Axes
   537 | D        | Reached skill level 1 in Invocations
   537 | D        | Reached XP level 9. HP: 33/93 MP: 6/8
   721 | D        | Paralysed by a hornet for 3 turns
   895 | D        | Noticed an oklob plant
   904 | D        | Killed an oklob plant
   904 | D        | Reached **** piety under Okawaru
   905 | D        | Reached skill level 14 in Axes
   905 | D        | Reached skill level 1 in Stealth
  1059 | D        | Noticed a demonic crawler
  1059 | D        | Noticed a demonic crawler
  1059 | D        | Noticed a demonic crawler
  1059 | D        | Noticed a demonic crawler
  1065 | D        | Slain by a demonic crawler

Illustrated notes

Levels and vault maps discovered:
D:        dungeon_sprint_1 [red_sonja_temple_1, red_sonja_temple_small_1]

Skill      XL: |  1  2  3  4  5  6  7  8  9 |
---------------+----------------------------+-----
Fighting       | 5 7 9 10 11 13 | 13.6
Axes           | 3 4 5 7 10 13 14 | 14.5
Armour         | 5 7 8 10 11 12 | 12.5
Shields        | 5 7 9 10 11 12 | 12.5
Dodging        | 1 3 4 |  4.4
Invocations    | 1 |  1.5
Stealth        | 1 |  1.0

Action                     |  1- 3 |  4- 6 |  7- 9 || total
---------------------------+-------+-------+-------++-------
  Melee: War axe           |     3 |    17 |    40 ||    60
         Headbutt          |     2 |     6 |    13 ||    21
 Invoke: Heroism           |       |       |     4 ||     4
    Use: Potion            |     1 |       |     1 ||     2
 Armour: Scale mail        |       |     4 |    26 ||    30
  Dodge: Dodged            |     1 |     4 |    34 ||    39
  Block: Buckler           |     1 |     5 |    20 ||    26
